 Dungeon Crawl Stone Soup version 0.24.0-37-gcf1ca852f1 (webtiles) character file.

Game seed: 14498047138179980533, levelgen mode: deterministic

80 Mrkan the Ruffian (level 4, -1/45 HPs)
             Began as a Troll Monk on Nov 30, 2019.
             Slain by an ice beast (5 damage)
             ... on level 3 of the Dungeon.
             The game lasted 00:03:00 (1327 turns).

Mrkan the Ruffian (Troll Monk)                      Turns: 1327, Time: 00:03:00

Health: -1/45      AC:  6    Str: 19    XL:     4   Next: 18%
Magic:  3/3        EV: 10    Int:  7    God:
Gold:   65         SH:  0    Dex: 12    Spells: 3/3 levels left

rFire    . . .     SeeInvis .     - Unarmed
rCold    . . .     Gourm    +   (no shield)
rNeg     . . .     Faith    .   a - +0 robe
rPois    .         Spirit   .   (helmet restricted)
rElec    .         Reflect  .   (no cloak)
rCorr    .         Harm     .   (gloves unavailable)
MR       .....                  (boots unavailable)
Stlth    ++........             (no amulet)
HPRegen  0.55/turn              (no ring)
MPRegen  0.08/turn              (no ring)

@: no status effects
A: large, unfitting armour, claws 3, fast metabolism 3, gourmand, regeneration
1, shaggy fur 1, tough skin 3
a: no special abilities


You were on level 3 of the Dungeon.
You were very full.

You visited 1 branch of the dungeon, and saw 3 of its levels.

You collected 65 gold pieces.

Inventory:

Armour
 a - a +0 robe (worn)
Jewellery
 e - an uncursed ring of magical power {unknown}
 f - an uncursed ring of wizardry {unknown}
 m - a +3 amulet of reflection {unknown}
Scrolls
 g - a scroll of remove curse {unknown}
 h - a scroll of enchant weapon {unknown}
 i - a scroll of amnesia {unknown}
 j - a scroll of identify {unknown}
 k - a scroll of magic mapping {unknown}
 r - a scroll of fog {unknown}
Potions
 c - 3 potions of haste {unknown}
 d - a potion of magic {unknown}
 l - a potion of mutation {unknown}
 n - a potion of degeneration {unknown}
 o - 2 potions of heal wounds {unknown}
 p - a potion of might {unknown}
 q - a potion of resistance {unknown}
Comestibles
 b - 6 rations


   Skills:
 - Level 3.0 Fighting
 - Level 2.4 Dodging
 - Level 1.0 Stealth
 * Level 4.6 Unarmed Combat


You had 3 spell levels left.
You didn't know any spells.
Your spell library was empty.

Dungeon Overview and Level Annotations

Branches:
Dungeon (3/15)

Altars:


Innate Abilities, Weirdness & Mutations

You are too large for most types of armour.
You have claws for hands.
Your metabolism is lightning-fast.
You like to eat raw meat.
Your natural rate of healing is unusually fast.
You are covered in fur. (AC +1)
You have extremely tough skin. (AC +3)


Message History

The ice beast hits you. The ice beast freezes you.
You claw the ice beast!
The ice beast is almost dead.
The ice beast hits you. The ice beast freezes you!
You closely miss the ice beast.
The ice beast is almost dead.
The ice beast barely misses you.
You barely miss the ice beast.
The ice beast is almost dead.
The ice beast hits you. The ice beast freezes you.
You scratch the ice beast but do no damage.
The ice beast is almost dead.
The ice beast hits you.
* * * LOW HITPOINT WARNING * * *
The ice beast freezes you!
* * * LOW HITPOINT WARNING * * *
You scratch the ice beast.
The ice beast is almost dead.
The ice beast hits you.
You die...

# #.
#####.#########
......Y@.......
#####.#..[....#
# #.#####.# #.#
#.# #.# #.#
#.##### #.....#


You could see an ice beast.

Vanquished Creatures
  3 adders (D:2)
  3 worms (D:2)
  A leopard gecko (D:2)
  5 bats
  A giant cockroach (D:2)
  5 hobgoblins
  3 jackals (D:2)
  6 frilled lizards (D:1)
  8 goblins
  3 kobolds
  5 rats
43 creatures vanquished.

Notes
Turn   | Place    | Note
-------+----------+-------------------------------------------
     0 | D:1      | Mrkan the Troll Monk began the quest for the Orb.
     0 | D:1      | Reached XP level 1. HP: 22/22 MP: 0/0
   177 | D:1      | Reached XP level 2. HP: 25/29 MP: 1/1
   561 | D:2      | Reached skill level 4 in Unarmed Combat
   574 | D:2      | Reached XP level 3. HP: 18/36 MP: 2/2
  1086 | D:2      | Reached XP level 4. HP: 43/45 MP: 3/3
  1311 | D:3      | Noticed an ice beast
  1327 | D:3      | Slain by an ice beast

Levels and vault maps discovered:
D:1:      psy_arrival_spokes, layout_loops_ring
D:2:      layout_loops_ring, minmay_statues_item, minmay_pentomino_v4
D:3:      layout_basic, gammafunk_temple_overflow_elements, first_ration

Skill      XL: |  1  2  3 |
---------------+----------+-----
Unarmed Combat | 4 |  4.6
Fighting       | 3 |  3.0
Dodging        | |  2.4
Stealth        | |  1.0

Action                   |  1- 3 |  4- 6 || total
-------------------------+-------+-------++-------
Melee: Unarmed           |   102 |    25 ||   127
 Stab: Sleeping          |     2 |       ||     2
  Eat: Chunk             |    15 |     2 ||    17
Armor: Robe              |    40 |     7 ||    47
Dodge: Dodged            |    63 |    10 ||    73
